[Event "Team 45 45 League T46"]
[Site "Internet Chess Club"]
[Date "2010.08.06"]
[Round "1"]
[White "QueensCounselor"]
[Black "MikeA"]
[Result "1-0"]
[WhiteElo "2194"]
[BlackElo "2155"]
[Opening "Sicilian: Pelikan, Chelyabinsk variation"]
[ECO "B33"]
[Time "15:00:23"]
[TimeControl "2700+45"]

1. e4 c5 2. Nf3 Nc6 3. d4 cxd4 4. Nxd4 Nf6 5. Nc3 e5 6. Ndb5 d6 7. Bg5 a6 8. Na3
b5 9. Nd5 Be7 10. Bxf6 Bxf6 11. c3 O-O 12. Nc2 Be6 13. Be2 Bg5 14. O-O Ne7 15.
a4 Nxd5 16. exd5 Bd7 17. axb5 Bxb5 18. Nb4 Qb8 19. Bxb5 Qxb5 20. Qa4 f5 21. Ra2
Rfb8 22. Rfa1 a5 23. Qxb5 Rxb5 24. Ra4 Bd8 25. c4 Rb7 26. h3 Kf7 27. R1a2 Bb6
28. Nc6 Kf6 29. b4 h5 30. h4 g5 31. hxg5+ Kxg5 32. Kf1 e4 33. Rc2 f4 34. c5 Bc7
35. bxa5 Rb1+ 36. Ke2 Kf5 37. a6 dxc5 38. Rxc5 Rb2+ 39. Kd1 Bd6 40. Rc2 Rxc2 41.
Kxc2 f3 42. gxf3 exf3 43. Kd3 h4 44. Rxh4 Rxa6 45. Nd4+ Kg6 46. Nxf3 Bc5 47. Nd4
Rf6 48. f4 {Black resigns} 1-0

[Event "Team 45 45 League T46"]
[Site "Internet Chess Club"]
[Date "2010.08.08"]
[Round "1"]
[White "CaoCao"]
[Black "fledermaus"]
[Result "1/2-1/2"]
[WhiteElo "1958"]
[BlackElo "1954"]
[Opening "QGD: Charousek (Petrosian) variation"]
[ECO "D31"]
[Time "15:04:26"]
[TimeControl "2700+45"]

1. d4 d5 2. c4 e6 3. Nc3 Be7 4. Nf3 Nf6 5. Bg5 Nbd7 6. cxd5 exd5 7. e3 O-O 8.
Bd3 Re8 9. O-O c6 10. Qc2 Nf8 11. Bxf6 Bxf6 12. h3 Be6 13. b4 Rc8 14. Rfd1 g6
15. Rac1 Nd7 16. Qb3 Bg7 17. Na4 b5 18. Nc5 Nb6 19. Nxe6 Rxe6 20. Qa3 Ra8 21.
Qa6 Bf8 22. Ne5 Qe8 23. Qb7 Nc4 24. Bxc4 dxc4 25. a3 a5 26. a4 f6 27. Nd7 Re7
28. Qxc6 Rxd7 29. axb5 Rc8 30. Qxf6 axb4 31. d5 Bg7 32. Qh4 Qe7 33. Qg4 c3 34.
d6 Qd8 35. Qxb4 Rb8 36. Rd5 Rb6 37. Rcd1 c2 38. Rc1 Rbxd6 39. Rxd6 Rxd6 40. Rxc2
Rd1+ 41. Kh2 Qd6+ 42. Qxd6 Rxd6 43. Rc6 Rxc6 44. bxc6 Kf7 45. c7 Be5+ 46. f4
Bxc7 47. Kg3 Ke6 48. Kf3 Kd5 49. g4 Bd8 50. g5 Ba5 51. e4+ Kd4 52. h4 Bd2 53. f5
Ke5 54. fxg6 hxg6 55. Kg4 Kxe4 {Game drawn by mutual agreement} 1/2-1/2

[Event "Team 45 45 League T46"]
[Site "Internet Chess Club"]
[Date "2010.08.05"]
[Round "1"]
[White "jonesey"]
[Black "GreatPelle"]
[Result "1/2-1/2"]
[WhiteElo "1984"]
[BlackElo "2048"]
[Opening "French: advance variation"]
[ECO "C02"]
[Time "03:02:40"]
[TimeControl "2700+45"]

1. e4 e6 2. d4 d5 3. e5 f5 4. exf6 Nxf6 5. Nf3 c5 6. c3 Nc6 7. Bb5 Qb6 8. Bxc6+
bxc6 9. O-O cxd4 10. cxd4 c5 11. dxc5 Bxc5 12. Nc3 O-O 13. Na4 Qc6 14. Nxc5 Qxc5
15. Be3 Qb5 16. Qd4 Ne4 17. Rfc1 Ba6 {Game drawn by mutual agreement} 1/2-1/2

[Event "Team 45 45 League T46"]
[Site "Internet Chess Club"]
[Date "2010.08.05"]
[Round "1"]
[White "imawesome"]
[Black "kidviper"]
[Result "1-0"]
[WhiteElo "1686"]
[BlackElo "1902"]
[Opening "Sicilian: Alapin's variation (2.c3)"]
[ECO "B22"]
[Time "09:18:40"]
[TimeControl "2700+45"]

1. e4 c5 2. c3 d5 3. exd5 Qxd5 4. d4 e6 5. Nf3 Nf6 6. Be3 Nc6 7. Bd3 cxd4 8.
cxd4 e5 9. Nc3 Bb4 10. Nxe5 Nxe5 11. dxe5 Qxg2 12. Rf1 Nd7 13. Qb3 Bxc3+ 14.
Qxc3 Qxh2 15. O-O-O Nxe5 16. Bb5+ Bd7 17. Rh1 Nd3+ 18. Kb1 Qb8 19. Bxd7+ Kxd7
20. Qxd3+ Ke7 21. Bc5+ Ke6 22. Qe4+ Kf6 23. Be7# {Black checkmated} 1-0

[Event "Team 45 45 League T46"]
[Site "Internet Chess Club"]
[Date "2010.08.05"]
[Round "1"]
[White "noblitz-oblige"]
[Black "Nikhil03"]
[Result "1-0"]
[WhiteElo "1621"]
[BlackElo "1551"]
[Opening "Sicilian: Marshall variation"]
[ECO "B41"]
[Time "12:23:36"]
[TimeControl "2700+45"]

1. e4 c5 2. Nf3 e6 3. d4 d5 4. dxc5 Bxc5 5. exd5 exd5 6. Be2 Nf6 7. O-O h6 8.
Nc3 O-O 9. Bf4 Nc6 10. h3 Bf5 11. Na4 Bd6 12. Bxd6 Qxd6 13. c4 Rfe8 14. Nc3 d4
15. Nb5 Qc5 16. Nc7 Rxe2 17. Qxe2 d3 18. Qe3 Qxe3 19. fxe3 Rd8 20. Nb5 a6 21.
Nc3 Ne4 22. Nd5 Ng3 23. Rfe1 Be4 24. Nd4 Nxd4 25. exd4 Ne2+ 26. Kf2 Bxd5 27.
cxd5 Rxd5 28. Rad1 Rxd4 29. Ke3 Rd8 30. Rxd3 Re8+ 31. Kd2 Re6 32. Rxe2 Rb6 33.
Rb3 Rd6+ 34. Ke1 b6 35. Rbe3 Kh7 36. Re7 Kg6 37. Rd2 Rc6 38. Red7 Re6+ 39. Kd1
Rc6 40. R7d6+ Rxd6 41. Rxd6+ {Black resigns} 1-0

[Event "Team 45 45 League T46"]
[Site "Internet Chess Club"]
[Date "2010.08.06"]
[Round "1"]
[White "crazyhorses"]
[Black "Bible-Believer"]
[Result "1-0"]
[WhiteElo "1539"]
[BlackElo "1536"]
[Opening "Caro-Kann: two knights, 3...Bg4"]
[ECO "B11"]
[Time "14:02:24"]
[TimeControl "2700+45"]

1. e4 c6 2. Nc3 d5 3. Nf3 Bg4 4. h3 Bxf3 5. Qxf3 Nf6 6. e5 Nfd7 7. d4 e6 8. Qg4
c5 9. Be3 Nc6 10. Qf4 cxd4 11. Bxd4 Nxd4 12. Qxd4 Bc5 13. Qg4 O-O 14. f4 Qa5 15.
Kd1 Rac8 16. Nxd5 exd5 17. Qxd7 Rfd8 18. Qf5 Be3 19. c3 d4 20. Bd3 g6 21. Qe4
dxc3 22. Qxe3 cxb2 23. Rb1 Qc3 24. Ke2 Rxd3 25. Qxd3 {Black resigns} 1-0

[Event "Team 45 45 League T46"]
[Site "Internet Chess Club"]
[Date "2010.08.07"]
[Round "1"]
[White "kidcobra"]
[Black "ryan2chess"]
[Result "1-0"]
[WhiteElo "1576"]
[BlackElo "1687"]
[Opening "Giuoco Piano"]
[ECO "C54"]
[Time "10:00:15"]
[TimeControl "2700+45"]

1. e4 e5 2. Nf3 Nc6 3. Bc4 Bc5 4. c3 Nf6 5. O-O O-O 6. d4 exd4 7. cxd4 Bb6 8.
Bg5 h6 9. Bh4 d6 10. e5 dxe5 11. dxe5 Qxd1 12. Rxd1 Nd7 13. e6 Nde5 14. Nxe5
Nxe5 15. e7 Re8 16. Rd8 Bd7 17. Na3 c6 18. Rd1 Bxd8 19. exd8=Q Raxd8 20. Bxd8
Rxd8 21. f4 Ng6 22. g3 Nf8 23. Bd3 Bf5 24. Be2 Rxd1+ 25. Bxd1 Be6 26. b3 Nd7 27.
Kf2 Kf8 28. Ke3 Ke7 29. Bf3 Kd6 30. g4 Nc5 31. Kd4 Na6 32. f5 Bd5 33. Bxd5 cxd5
34. Nb5+ Kc6 35. Nxa7+ Kb6 36. Nc8+ Kc7 37. Ne7 Kd6 38. Nxd5 Nb8 39. Nb4 Nd7 40.
Nd3 Nf6 41. h3 h5 42. Ne5 Ke7 43. a4 hxg4 44. hxg4 Nh7 45. b4 Kf6 46. b5 g6 47.
fxg6 fxg6 48. a5 Kg5 49. a6 bxa6 50. bxa6 Nf6 51. a7 Nxg4 52. Nxg4 Kxg4 53. a8=Q
g5 54. Qg2+ Kf4 55. Qf2+ Kg4 56. Ke4 Kh5 57. Kf5 g4 58. Qh2# {Black checkmated}
1-0

[Event "Team 45 45 League T46"]
[Site "Internet Chess Club"]
[Date "2010.08.05"]
[Round "1"]
[White "zepled37"]
[Black "civilization"]
[Result "1/2-1/2"]
[WhiteElo "1719"]
[BlackElo "1672"]
[Opening "Sicilian: closed"]
[ECO "B23"]
[Time "20:06:13"]
[TimeControl "2700+45"]

1. e4 c5 2. Nc3 e6 3. f4 a6 4. Nf3 Ne7 5. d4 d5 6. exd5 Nxd5 7. Bd3 Nc6 8. Nxd5
Qxd5 9. c4 Qd8 10. O-O cxd4 11. b3 Bc5 12. Bb2 O-O 13. a3 a5 14. Qc2 g6 15. h4
Qf6 16. Ng5 h6 17. Ne4 Qe7 18. Kh1 Bb6 19. Qf2 f5 20. Nd2 Rd8 21. Rae1 Qf7 22.
Nf3 Bd7 23. Qg3 Kh7 24. Qh3 Qf6 25. Ne5 Nxe5 26. fxe5 Qe7 27. Rf4 Bc6 28. h5 Qg5
29. Bc1 Qxh5 30. Rh4 Rg8 31. Rxh5 gxh5 32. Rg1 Rg6 33. Qxh5 Rag8 34. Qh3 Bc7 35.
Bf4 R8g7 36. Be2 h5 37. Bf3 Bxf3 38. Qxf3 Rg4 39. Rd1 Bb6 40. Rd2 Kg8 41. g3 h4
42. gxh4 Rxh4+ 43. Rh2 Rhg4 44. Qf2 Bc5 45. b4 axb4 46. axb4 Bxb4 47. Qxd4 Be7
48. Qf2 Bd8 49. Be3 Bc7 50. Qb2 Rxc4 51. Rg2 Rh4+ 52. Kg1 Rhg4 53. Rxg4 Rxg4+
54. Kf1 Re4 55. Qg2+ Kf7 56. Qh3 Bxe5 57. Bf2 Rg4 58. Qb3 Kf6 59. Qxb7 Bg3 60.
Bxg3 Rxg3 61. Qb2+ Kf7 62. Qb7+ Kf6 63. Qc7 Rg4 64. Qd8+ Kg6 65. Qe7 Re4 66.
Qe8+ Kg5 67. Qf7 e5 68. Qe7+ Kg4 69. Qg7+ Kf3 70. Qg2+ Ke3 71. Qf2+ Kd3 72. Qxf5
Kd4 73. Qd7+ Kc4 74. Qc6+ Kd4 75. Kg2 Kd3 76. Qd5+ Ke3 77. Qb3+ Kd4 78. Qd1+ Kc5
79. Qd3 Rd4 80. Qc3+ Kd5 81. Qa5+ Kd6 82. Qd8+ Ke6 83. Qg8+ Kd6 84. Qg6+ Kd5 85.
Qf7+ Kd6 86. Qf6+ Kd5 87. Qf7+ Kd6 88. Qg6+ Kd5 89. Qf6 Rf4 90. Qd8+ Ke6 91.
Qc8+ Kd6 92. Qb8+ Ke6 93. Qb6+ Kd5 94. Qb5+ Kd6 95. Qd3+ Ke6 96. Kg3 Kf6 97.
Qd6+ Kf5 98. Qd3+ Ke6 {Game drawn by mutual agreement} 1/2-1/2

[Event "Team 45 45 League T46"]
[Site "Internet Chess Club"]
[Date "2010.08.06"]
[Round "1"]
[White "Theodulf"]
[Black "MaxII"]
[Result "0-1"]
[WhiteElo "1624"]
[BlackElo "1655"]
[Opening "Petrov: Kaufmann attack"]
[ECO "C42"]
[Time "23:00:40"]
[TimeControl "2700+45"]

1. e4 e5 2. Nf3 Nf6 3. Nxe5 d6 4. Nf3 Nxe4 5. c4 Be7 6. d4 d5 7. cxd5 Qxd5 8.
Nc3 Nxc3 9. bxc3 O-O 10. Bd3 c5 11. O-O cxd4 12. cxd4 Bf6 13. Be3 Be6 14. Qd2
Nc6 15. a3 Rfd8 16. Rfd1 Bg4 17. Be2 Na5 18. Rab1 b6 19. h3 Be6 20. Ng5 Rac8 21.
Nxe6 Qxe6 22. Bg4 Nc4 23. Qe2 Qd5 24. Bxc8 Rxc8 25. Rbc1 b5 26. Rd3 Re8 27. Qf3
Qd7 28. Qg4 Qd5 29. Rdc3 a6 30. Qd1 Nb2 31. Qb3 Nc4 32. a4 h6 33. axb5 axb5 34.
Rb1 Bxd4 35. Rd1 Re4 36. Bxd4 Rxd4 37. Rxd4 Qxd4 38. Rd3 Qe5 39. Rd8+ Kh7 40.
Qb1+ g6 41. Qd1 b4 42. Qf3 Qe7 43. Rd4 Ne5 44. Qe4 b3 45. Rb4 Qe6 46. f4 Nf3+
47. gxf3 Qxh3 48. Rxb3 Qg3+ 49. Kf1 Qh3+ 50. Kf2 Qh2+ 51. Ke1 Qg1+ 52. Kd2 Qf2+
53. Kc3 Qc5+ 54. Qc4 Qe3+ 55. Kb2 Qf2+ 56. Qc2 Qd4+ 57. Rc3 Qb6+ 58. Kc1 Qg1+
59. Qd1 Qa7 60. Qd4 Qxd4 {White resigns} 0-1

[Event "Team 45 45 League T46"]
[Site "Internet Chess Club"]
[Date "2010.08.07"]
[Round "1"]
[White "SpeedBlade"]
[Black "jacknor"]
[Result "1-0"]
[WhiteElo "1434"]
[BlackElo "1486"]
[Opening "English, 1...Nf6 (Anglo-Indian defense)"]
[ECO "A15"]
[Time "13:01:13"]
[TimeControl "2700+45"]

1. c4 Nf6 2. g3 g6 3. Bg2 Bg7 4. Nc3 O-O 5. d3 c6 6. e4 d6 7. Nge2 Nbd7 8. O-O
a5 9. h3 e5 10. Be3 Ne8 11. Qd2 f5 12. Bh6 Ndf6 13. Bxg7 Nxg7 14. f4 Be6 15.
Rad1 Qe7 16. b3 Rfd8 17. Qe3 Rab8 18. Qb6 Ra8 19. Rd2 Nd7 20. Qe3 Nh5 21. Rfd1
Nhf6 22. d4 Bf7 23. exf5 gxf5 24. fxe5 dxe5 25. dxe5 Ne8 26. Nf4 Nf8 27. Bf3
Rxd2 28. Rxd2 Ne6 29. Nce2 Rd8 30. Nxe6 Bxe6 31. Rxd8 Qxd8 32. Qd4 Qc7 33. Nf4
c5 34. Nxe6 cxd4 35. Nxc7 Nxc7 36. Kf2 b6 37. Ke2 Kf7 38. Bd5+ {Black resigns}
1-0

[Event "Team 45 45 League T46"]
[Site "Internet Chess Club"]
[Date "2010.08.09"]
[Round "1"]
[White "allanchs"]
[Black "BrerRabbit"]
[Result "1/2-1/2"]
[WhiteElo "1505"]
[BlackElo "1514"]
[Opening "Pirc: Austrian attack, dragon formation"]
[ECO "B09"]
[Time "14:01:27"]
[TimeControl "2700+45"]

1. e4 d6 2. d4 Nf6 3. Nc3 g6 4. f4 Bg7 5. Nf3 c5 6. dxc5 Qa5 7. Bd3 Qxc5 8. Qe2
Bg4 9. Be3 Qa5 10. h3 Bxf3 11. Qxf3 O-O 12. O-O e6 13. Rad1 Nc6 14. a3 Rac8 15.
Kh1 Rfd8 16. Bd2 Qb6 17. Bc1 d5 18. exd5 Nxd5 19. Nxd5 Rxd5 20. b3 Rcd8 21. Be3
Qc7 22. Bc4 Rxd1 23. Rxd1 Rxd1+ 24. Qxd1 b6 25. Qd2 Kf8 26. Bb5 Ne7 27. Bd3 Nd5
28. c4 Nxe3 29. Qxe3 Qe7 30. b4 Qd7 31. Be2 Qd4 32. Qxd4 Bxd4 33. Bd3 {Game
drawn by mutual agreement} 1/2-1/2

[Event "Team 45 45 League T46"]
[Site "Internet Chess Club"]
[Date "2010.08.09"]
[Round "1"]
[White "Eyechess"]
[Black "froggoathorse"]
[Result "0-1"]
[WhiteElo "1751"]
[BlackElo "1814"]
[Opening "Catalan: closed, 7.Qc2"]
[ECO "E08"]
[Time "21:30:06"]
[TimeControl "2700+45"]

1. d4 d5 2. c4 e6 3. Nf3 Nf6 4. g3 Be7 5. Bg2 O-O 6. O-O Nbd7 7. Qc2 b6 8. Nbd2
Bb7 9. Re1 c5 10. e3 Rc8 11. b3 Qc7 12. Ba3 Rfe8 13. Rac1 Qb8 14. Qb1 cxd4 15.
Bxe7 dxe3 16. Bxf6 exd2 17. Nxd2 Nxf6 18. cxd5 Bxd5 19. Rxc8 Rxc8 20. Bh3 Rc3
21. Bf1 Qc7 22. Nc4 Qc5 23. Qd1 Ne4 24. Re2 Rf3 25. Qe1 Qd4 26. Bg2 Rd3 27. Ne3
Nc3 28. Rc2 Bxg2 29. Kxg2 Qe4+ 30. Kg1 Rxe3 {White resigns} 0-1

[Event "Team 45 45 League T46"]
[Site "Internet Chess Club"]
[Date "2010.08.07"]
[Round "1"]
[White "PostMike"]
[Black "Packerfan"]
[Result "1/2-1/2"]
[WhiteElo "1531"]
[BlackElo "1687"]
[Opening "Two knights defense"]
[ECO "C59"]
[Time "14:30:22"]
[TimeControl "2700+45"]

1. e4 e5 2. Nf3 Nc6 3. Bc4 Nf6 4. Ng5 d5 5. exd5 Na5 6. Bb5+ c6 7. dxc6 bxc6 8.
Be2 h6 9. Nf3 e4 10. Ne5 Bd6 11. d4 Qc7 12. Bf4 Rb8 13. b3 O-O 14. Nd2 c5 15. c3
cxd4 16. cxd4 Nc6 17. Nxc6 Qxc6 18. Rc1 Qd7 19. Bxd6 Qxd6 20. Nc4 Qd5 21. Ne3
Qg5 22. O-O Nd5 23. Nxd5 Qxd5 24. Rc5 Qd6 25. Re1 Rd8 26. Qc2 f5 27. Rd1 Be6 28.
Rc6 Qe7 29. Bc4 Rd6 30. Rxd6 Qxd6 31. Bxe6+ Qxe6 32. d5 Qd6 33. Qc6 Rd8 34. Qxd6
Rxd6 35. Kf1 Kf7 36. Ke2 Kf6 37. Ke3 Ke5 38. Rc1 g5 39. Rc6 Kxd5 40. Rxd6+ Kxd6
41. Kd4 h5 42. b4 h4 43. a4 g4 44. g3 hxg3 45. hxg3 Ke6 46. Ke3 Kd5 47. Kf4 Kc4
48. b5 Kb4 49. Kxf5 Kxa4 50. Kxg4 Kxb5 51. Kf4 a5 52. g4 a4 53. g5 a3 54. g6 a2
55. g7 a1=Q 56. g8=Q Qc1+ 57. Kxe4 Qc2+ 58. Kf3 Qc6+ 59. Kg3 Qc3+ 60. f3 Qe1+
61. Kf4 Qd2+ 62. Ke4 Qe2+ 63. Kf4 Qd2+ 64. Kg3 Qe1+ 65. Kg2 Qe2+ 66. Kg3 Qe1+
67. Kh2 Qe5+ 68. Qg3 Qe2+ 69. Kh3 Qe6+ 70. Qg4 Qh6+ 71. Kg3 Qd6+ 72. f4 Qd3+ 73.
Kh4 Kc6 74. f5 Kd6 75. Qg6+ Ke7 76. Qe6+ Kf8 77. Kg5 Qg3+ 78. Kf6 Qh4+ 79. Ke5
Qe1+ 80. Kd6 Qd2+ 81. Kc7 Qc3+ 82. Kd6 Qd4+ 83. Kc6 Qc3+ 84. Kd7 Qd4+ 85. Qd6+
Qxd6+ 86. Kxd6 Kf7 87. Ke5 Ke7 88. f6+ Kf7 89. Kf5 Kf8 90. Kg6 Kg8 91. f7+ {Game
drawn by mutual agreement} 1/2-1/2

[Event "Team 45 45 League T46"]
[Site "Internet Chess Club"]
[Date "2010.08.07"]
[Round "1"]
[White "chesskix"]
[Black "clarinetref"]
[Result "0-1"]
[WhiteElo "1431"]
[BlackElo "1660"]
[Opening "English opening: Agincourt variation"]
[ECO "A13"]
[Time "13:06:12"]
[TimeControl "2700+45"]

1. Nf3 d5 2. c4 e6 3. a3 Nf6 4. d4 b6 5. Nc3 Bb7 6. Ne5 c6 7. cxd5 exd5 8. e3
Nbd7 9. Bd3 Qc7 10. Nxd7 Qxd7 11. O-O g6 12. e4 dxe4 13. Nxe4 Nxe4 14. Bxe4 Bg7
15. Re1 O-O 16. Be3 Rfe8 17. Bf3 Rad8 18. Rb1 Qc7 19. Qa4 a5 20. Red1 b5 21. Qc2
Qd7 22. h3 Kh8 23. b4 a4 24. Rbc1 Rc8 25. Qc5 Bf8 26. Qg5 Be7 27. Qg3 Bd6 28.
Bf4 Bxf4 29. Qxf4 Qe6 30. Rc5 Qb3 31. Qf6+ Kg8 32. Re5 Qxa3 33. Rde1 Rxe5 34.
dxe5 Qxb4 35. Rd1 Re8 36. Bxc6 Bxc6 37. Qxc6 Rxe5 38. Rd8+ Kg7 39. g3 Qe1+ 40.
Kg2 Qe4+ 41. Qxe4 Rxe4 42. Ra8 Rb4 43. Ra7 Rb3 44. h4 h5 45. Kf1 a3 46. Ke2 b4
47. Kd1 Rb2 48. f3 a2 {White resigns} 0-1

[Event "Team 45 45 League T46"]
[Site "Internet Chess Club"]
[Date "2010.08.07"]
[Round "1"]
[White "tryanything"]
[Black "MCJR"]
[Result "1-0"]
[WhiteElo "1639"]
[BlackElo "1405"]
[Opening "Sicilian: Smith-Morra gambit"]
[ECO "B21"]
[Time "18:38:17"]
[TimeControl "2700+45"]

1. e4 c5 2. d4 cxd4 3. c3 dxc3 4. Nxc3 Nc6 5. Nf3 g6 6. Bc4 e6 7. O-O Bg7 8. Qe2
Nge7 9. Rd1 O-O 10. Nb5 Ne5 11. Bf4 Nxf3+ 12. Qxf3 e5 13. Be3 a6 14. Nd6 Nc6 15.
Bxf7+ Kh8 16. Qh3 Qf6 17. Bc4 b5 18. Be2 Nd4 19. Bxd4 exd4 20. Qg3 Qe5 21. Qxe5
Bxe5 22. Nxc8 Raxc8 23. Bd3 Rf7 24. Rac1 Rcf8 25. f3 Bf4 26. Rc5 Be3+ 27. Kf1
Rg7 28. Rc7 Bf4 29. Ra7 Bxh2 30. Rxa6 g5 31. Bxb5 Rb8 32. a4 g4 33. Rxd4 gxf3
34. gxf3 Rg1+ 35. Ke2 Be5 36. Rxd7 Bxb2 37. Raa7 Rc8 38. Rac7 Rxc7 39. Rxc7 h5
40. Rc5 Rg2+ 41. Kf1 Rh2 42. a5 Bd4 43. Rf5 Rh1+ 44. Kg2 Rg1+ 45. Kh2 Rf1 46.
Rxh5+ Kg7 47. Rf5 Rf2+ 48. Kg3 Rf1 49. a6 Kg6 50. Kf4 Ra1 51. Rg5+ Kf6 52. e5+
Ke6 53. Rg6+ Kf7 54. Kf5 Rf1 55. Bxf1 {Black resigns} 1-0

[Event "Team 45 45 League T46"]
[Site "Internet Chess Club"]
[Date "2010.08.10"]
[Round "1"]
[White "andrew28"]
[Black "bayoumicardio10"]
[Result "0-1"]
[WhiteElo "1697"]
[BlackElo "1640"]
[Opening "Pirc: Holmov system"]
[ECO "B07"]
[Time "15:17:22"]
[TimeControl "2700+45"]

1. e4 d6 2. d4 Nf6 3. Nc3 g6 4. Bc4 c5 5. Nf3 cxd4 6. Nxd4 Bg7 7. O-O O-O 8. Bg5
Qb6 9. Bb3 h6 10. Be3 Qc7 11. Qd2 Ng4 12. Nd5 Qd7 13. Rad1 Nxe3 14. fxe3 Nc6 15.
Nb5 Rb8 16. Ba4 Qg4 17. Rf4 Qh5 18. Nbc7 Be5 19. Bxc6 bxc6 20. Nxe7+ Kh7 21.
Nxc6 Bxf4 22. exf4 Qc5+ 23. Kh1 Qxc6 24. Nd5 Rxb2 25. Qd4 Qxc2 26. Nf6+ Kh8 27.
Rg1 Bh3 28. Ng4+ f6 29. Ne3 Qf2 30. Qxd6 Kg8 31. Qd4 Bxg2+ 32. Rxg2 Rb1+ {White
resigns} 0-1

[Event "Team 45 45 League T46"]
[Site "Internet Chess Club"]
[Date "2010.08.09"]
[Round "1"]
[White "sbaker831"]
[Black "Andressa"]
[Result "1-0"]
[WhiteElo "1619"]
[BlackElo "1506"]
[Opening "Queen's pawn game, Chigorin variation"]
[ECO "D02"]
[Time "18:11:08"]
[TimeControl "2700+45"]

1. Nf3 d5 2. d4 Nc6 3. g3 Nf6 4. Bg2 e6 5. O-O Be7 6. b3 O-O 7. Ba3 h6 8. Bxe7
Qxe7 9. Nbd2 b6 10. e3 Ba6 11. Re1 Rac8 12. a3 b5 13. b4 Rfe8 14. Nb3 Ne4 15.
Qd3 Nb8 16. Nbd2 Nxd2 17. Qxd2 Nd7 18. e4 Nf6 19. exd5 Nxd5 20. Nh4 Qf6 21. Bxd5
exd5 22. c3 Rxe1+ 23. Rxe1 Rd8 24. Ng2 Bc8 25. Qf4 Qc6 26. Re7 Qg6 27. Nh4 Qh5
28. Qxc7 Rf8 29. Qe5 Qd1+ 30. Qe1 Qxe1+ 31. Rxe1 Be6 32. Kf1 Rc8 33. Rc1 Bh3+
34. Ke2 Re8+ 35. Kd2 Bg4 36. Re1 Ra8 37. Ng2 Kf8 38. Nf4 a5 39. Nxd5 axb4 40.
axb4 Ra6 41. Nc7 Ra2+ 42. Ke3 Bd7 43. Re2 Ra1 44. Kf4 Rh1 45. h4 g6 46. Ke5 Ra1
47. Kd6 Bf5 48. Nxb5 Ra6+ 49. Kc5 Bd3 50. Rd2 Bf1 51. d5 Ra8 52. d6 Rd8 53. Nc7
Kg7 54. b5 f5 55. Ne6+ {Black resigns} 1-0

[Event "Team 45 45 League T46"]
[Site "Internet Chess Club"]
[Date "2010.08.06"]
[Round "1"]
[White "arriero55"]
[Black "OneWay"]
[Result "0-1"]
[WhiteElo "1457"]
[BlackElo "1681"]
[Opening "Scandinavian defense"]
[ECO "B01"]
[Time "12:00:59"]
[TimeControl "2700+45"]

1. e4 d5 2. exd5 Nf6 3. Nc3 Nxd5 4. Nxd5 Qxd5 5. Qf3 Qc6 6. c3 e5 7. Bd3 Bd6 8.
Bc2 O-O 9. Qe4 f5 10. Bb3+ Kh8 11. Qd5 Qxd5 12. Bxd5 c6 13. Bb3 b6 14. Ne2 Ba6
15. a4 Bd3 16. h4 Nd7 17. Rh3 Nc5 18. Bd1 e4 19. b4 Ne6 20. g3 Be5 21. Bb3 Nc7
22. Ng1 Rad8 23. f4 Bf6 24. Rh2 Nd5 25. Ra2 Rfe8 26. Kf2 e3+ 27. dxe3 Nxc3 28.
Ra3 Ne4+ 29. Kf3 Ba6 30. Bc2 Bb7 31. Bxe4 Rxe4 32. Kf2 Rxb4 33. Nf3 Bb2 34. Bxb2
Rxb2+ 35. Ke1 Rxh2 36. Nxh2 c5 37. Nf1 Bf3 38. Nd2 Bb7 39. Rb3 Ba6 40. Rc3 g6
41. Nb3 Kg7 42. a5 Kf7 43. axb6 axb6 44. Nd2 Ke6 45. Ra3 Bd3 46. Nf3 h6 47. Ne5
Be4 48. Ra6 Rd6 49. Nc4 Bd3 50. Nxd6 Bxa6 51. Ne8 Bd3 52. Kd2 Be4 53. Nc7+ Kd6
54. Nb5+ Kc6 55. Nc3 Bf3 56. Kd3 b5 57. Na2 Be4+ 58. Kd2 b4 59. Kc1 Kb5 60. Kb2
c4 61. Nc1 c3+ 62. Kb3 Bd5+ 63. Kc2 Kc4 64. Nb3 Be4+ {White resigns} 0-1

[Event "Team 45 45 League T46"]
[Site "Internet Chess Club"]
[Date "2010.08.07"]
[Round "1"]
[White "Lyko"]
[Black "PANAMA-REY"]
[Result "1-0"]
[WhiteElo "1587"]
[BlackElo "1393"]
[Opening "Queen's gambit declined"]
[ECO "D06"]
[Time "14:00:06"]
[TimeControl "2700+45"]

1. d4 d5 2. c4 h6 3. e3 c6 4. Nc3 Nf6 5. Nf3 Bf5 6. cxd5 cxd5 7. Bb5+ Bd7 8. Bd3
Bg4 9. h3 Bh5 10. g4 Bg6 11. Bb5+ Nbd7 12. Ne5 e6 13. Nxg6 fxg6 14. Qc2 Bb4 15.
Qxg6+ Ke7 16. Qxg7+ Kd6 17. Qg6 Rc8 18. Bd2 Kc7 19. Rc1 Kb8 20. a3 Bd6 21. Bxd7
Nxd7 22. Qxe6 Nb6 23. Ke2 Bc7 24. Nb5 Nc4 25. Nxc7 Rxc7 26. Rc3 Re7 27. Qg6 Nd6
28. Rhc1 Ree8 29. Rc7 Rhf8 30. Qg7 Qh4 31. Be1 Qxh3 32. Qd7 Qxg4+ 33. Qxg4
{Black resigns} 1-0

[Event "Team 45 45 League T46"]
[Site "Internet Chess Club"]
[Date "2010.08.06"]
[Round "1"]
[White "Rumata"]
[Black "SlimeDog2"]
[Result "0-1"]
[WhiteElo "1892"]
[BlackElo "2194"]
[Opening "Grünfeld: modern exchange variation"]
[ECO "D90"]
[Time "22:11:11"]
[TimeControl "2700+45"]

1. d4 Nf6 2. c4 g6 3. Nc3 d5 4. Nf3 Bg7 5. cxd5 Nxd5 6. e4 Nxc3 7. bxc3 c5 8.
Bd3 Nc6 9. Bb5 cxd4 10. cxd4 Qa5+ 11. Bd2 Qxb5 12. Be3 O-O 13. Rb1 Qa5+ {White
resigns} 0-1

[Event "Team 45 45 League T46"]
[Site "Internet Chess Club"]
[Date "2010.08.08"]
[Round "1"]
[White "AncientTurnip"]
[Black "upsan"]
[Result "1/2-1/2"]
[WhiteElo "1729"]
[BlackElo "1870"]
[Opening "French: Tarrasch, open variation"]
[ECO "C07"]
[Time "20:00:10"]
[TimeControl "2700+45"]

1. d4 e6 2. e4 d5 3. Nd2 c5 4. Ngf3 Nf6 5. exd5 Nxd5 6. Nb3 cxd4 7. Nbxd4 Be7 8.
c3 O-O 9. Bd3 Nd7 10. O-O Nc5 11. Bc2 Bf6 12. Re1 Bd7 13. Bd2 a5 14. Rb1 Qc7 15.
Qe2 g6 16. Rbd1 Rfe8 17. Ne5 Bxe5 18. Qxe5 Qxe5 19. Rxe5 f6 20. Ree1 b6 {Game
drawn by mutual agreement} 1/2-1/2

[Event "Team 45 45 League T46"]
[Site "Internet Chess Club"]
[Date "2010.08.04"]
[Round "1"]
[White "Buford-Julep"]
[Black "musk6868"]
[Result "1/2-1/2"]
[WhiteElo "1702"]
[BlackElo "1805"]
[Opening "Dutch: Staunton gambit, Staunton's line"]
[ECO "A83"]
[Time "15:01:28"]
[TimeControl "2700+45"]

1. d4 f5 2. e4 fxe4 3. Nc3 Nf6 4. Bg5 Nc6 5. d5 Ne5 6. Qd4 Nf7 7. Bxf6 exf6 8.
Nxe4 f5 9. Ng3 g6 10. Nf3 Bh6 11. Be2 O-O 12. O-O d6 13. Rfe1 Bg7 14. Qb4 Qf6
15. c3 c6 16. Qc4 Bd7 17. Nd4 Ne5 18. Qb3 c5 19. Ne6 Bxe6 20. dxe6 f4 21. e7+
Rf7 22. Qxb7 Re8 23. Ne4 Qe6 24. Ng5 Qxe7 25. Qxe7 Rfxe7 26. Bb5 Rb8 27. a4 Bf8
28. Rad1 Rd8 29. Ne4 Rc7 30. Nf6+ Kg7 31. Nd5 Rf7 32. Nxf4 Nf3+ 33. gxf3 Rxf4
34. Bc6 d5 35. Rxd5 Rxd5 36. Bxd5 Rxa4 37. Kg2 {Game drawn by mutual agreement}
1/2-1/2

[Event "Team 45 45 League T46"]
[Site "Internet Chess Club"]
[Date "2010.08.10"]
[Round "1"]
[White "BotanicalKnight"]
[Black "oldsj"]
[Result "0-1"]
[WhiteElo "1571"]
[BlackElo "1662"]
[Opening "Sicilian: closed, 6.f4"]
[ECO "B25"]
[Time "19:03:14"]
[TimeControl "2700+45"]

1. e4 c5 2. Nc3 Nc6 3. g3 g6 4. d3 Bg7 5. Bg2 d6 6. f4 e6 7. Nf3 Nge7 8. O-O O-O
9. a3 Rb8 10. h3 b5 11. Rb1 a5 12. g4 b4 13. axb4 axb4 14. Ne2 Ba6 15. b3 Qb6
16. Kh1 Rfd8 17. Qe1 d5 18. e5 d4 19. Qg3 Nd5 20. h4 Nce7 21. h5 gxh5 22. gxh5
Nf5 23. Qh2 Kh8 24. Ng5 Qc7 25. Ng3 Nde3 26. Bxe3 Nxe3 27. h6 Bf8 28. Qh5 Rd7
29. Rf2 Nxg2 30. Rxg2 Bb7 31. N5e4 f5 32. exf6 Rf7 33. Qg5 Bd6 34. Rf2 Rg8 35.
Qh4 Qd8 36. Nh5 Bf8 37. Ng7 Qxf6 38. Qxf6 Rxf6 39. Rh2 Bxg7 40. hxg7+ Rxg7 41.
Rh4 Rfg6 42. Rf1 Rg2 43. f5 exf5 44. Rxf5 Rg1+ 45. Kh2 R7g2+ 46. Kh3 Bc8 47. Nd6
Bxf5+ {White resigns} 0-1

[Event "Team 45 45 League T46"]
[Site "Internet Chess Club"]
[Date "2010.08.05"]
[Round "1"]
[White "Caminator"]
[Black "Eyechess"]
[Result "1-0"]
[WhiteElo "1892"]
[BlackElo "1750"]
[Opening "Bishop's opening/Petrov: Urusov gambit"]
[ECO "C24"]
[Time "20:01:35"]
[TimeControl "2700+45"]

1. e4 e5 2. Bc4 Nf6 3. d4 exd4 4. Nf3 Bb4+ 5. c3 dxc3 6. bxc3 Bc5 7. e5 Qe7 8.
O-O Ng4 9. h3 Nh6 10. Bg5 Qf8 11. Re1 Bxf2+ 12. Kxf2 Nf5 13. Nd4 Qc5 14. Qd3 Nc6
15. Bxf7+ Kxf7 16. Qxf5+ Kg8 17. Be3 d6 18. Ne6 {Black resigns} 1-0